 Dungeon Crawl Stone Soup version 0.14.1-26-g5a19342 (webtiles) character file.

251 Kae the Insei (level 5, 0/44 HPs)
             Began as a Naga Transmuter on July 27, 2014.
             Slain by an adder (3 damage)
             ... on Level 2 of the Dungeon.
             The game lasted 00:03:15 (2543 turns).

Kae the Insei (Naga Transmuter)                     Turns: 2543, Time: 00:03:15

HP   0/44        AC  2     Str 12      XL: 5   Next: 50%
MP   9/9         EV 10     Int 13      God:
Gold 82          SH  0     Dex 13      Spells:  1 memorised,  7 levels left

rFire  . . .     SeeInvis +     r - +0 trident
rCold  . . .     Clarity  .     c - +0 robe
rNeg   . . .     Conserve .     (no shield)
rPois  +         rCorr    .     (helmet restricted)
rElec  .         rRot     .     (no cloak)
SustAb . .       Spirit   .     (no gloves)
rMut   .         Warding  .     (no barding)
Saprov . . .     Stasis   .     (no amulet)
MR     .....                    (no ring)
                                (no ring)

@: appendage (expiring), very slow, not resistant to hostile enchantments,
unstealthy
A: spit poison, horns 2, see invisible, deformed body, poison resistance,
slowness 2, AC +1
a: Spit Poison, End Transformation


You were on level 2 of the Dungeon.
You were hungry.
You had grown temporary horns.
You visited 1 branch of the dungeon, and saw 2 of its levels.

You collected 82 gold pieces.

Inventory:

Hand weapons
 r - a +0,+0 trident (weapon)
Missiles
 b - 12 arrows
 o - 8 javelins (quivered)
Armour
 c - a +0 robe (worn)
Comestibles
 a - a bread ration
 g - a beef jerky
 j - a pear
Scrolls
 l - a scroll of immolation {unknown}
 m - 2 scrolls of teleportation {unknown}
 n - 3 scrolls of remove curse {unknown}
 p - a scroll of amnesia {unknown}
 q - a scroll of identify
Jewellery
 e - an uncursed ring of sustain abilities {unknown}
Potions
 f - 3 potions of curing
 h - 3 potions of restore abilities {unknown}
 i - a potion of flight {unknown}
 k - a potion of magic {unknown}
Books
 d - a book of Changes

   Spells                             Type                      Level
   *Beastly Appendage                 Transmutation                1
   Sticks to Snakes                   Transmutation                2
   Spider Form                        Transmutation/Poison         3
   Ice Form                           Ice/Transmutation            4
   Blade Hands                        Transmutation                5


   Skills:
 - Level 1.0 Fighting
 - Level 1.5 Dodging
 * Level 5.1 Unarmed Combat
 - Level 2.0 Spellcasting
 + Level 3.6 Transmutations


You had 7 spell levels left.
You knew the following spells:

 Your Spells              Type           Power        Failure   Level  Hunger
a - Beastly Appendage     Trmt           ##....       8%          1    ##.....


Dungeon Overview and Level Annotations

Branches:
Dungeon (2/15)

Altars:
Yredelemnul


Innate Abilities, Weirdness & Mutations

You cannot wear boots.
You can spit poison.
Your serpentine skin is tough (AC +1).
You have supernaturally acute eyesight.
Armour fits poorly on your strangely shaped body.
Your system is resistant to poisons.
You cover ground very slowly.
You have a pair of horns on your head.


Message History

The adder is moderately wounded.
The adder barely misses you. x2
You closely miss the adder. You headbutt the adder.
The adder is heavily wounded.
The adder bites you.
* * * LOW HITPOINT WARNING * * *
You barely miss the adder.
The adder is heavily wounded.
The adder barely misses you. The adder closely misses you.
You hit the adder. Your headbutt misses the adder.
The adder is severely wounded.
The adder barely misses you. The adder bites you.
* * * LOW HITPOINT WARNING * * *
You barely miss the adder.
The adder is severely wounded.
Your transformation is almost over.
The adder bites you.
* * * LOW HITPOINT WARNING * * *
The adder bites you.
You die...

#########...#....####........_...
.....(...................#.......
(#######....#.....#.##...#.......
.# #...####..........##.....# .#
#...# ##.###.....####.### ##
##### #.# #...#......... # #.#
###.....###### #. #.# #######
##.. #@# ..#....###S# #
...........### ####
#......#.....# #...
...####.....###########... .
..........[............
############...##...###
#...##...# ######...#


You could see an adder.

Vanquished Creatures
  An ogre (D:1)
  An adder (D:2)
  A giant mite (D:1)
  A worm (D:2)
  12 bats
  3 giant cockroaches
  4 hobgoblins (D:1)
  4 jackals
  3 giant geckos (D:2)
  4 giant newts
  6 goblins
  2 kobolds (D:1)
  4 rats
46 creatures vanquished.

Notes
Turn   | Place    | Note
--------------------------------------------------------------
     0 | D:1      | Kae, the Naga Transmuter, began the quest for the Orb.
     0 | D:1      | Reached XP level 1. HP: 18/18 MP: 3/3
   455 | D:1      | Reached XP level 2. HP: 25/25 MP: 2/4
   803 | D:1      | Reached XP level 3. HP: 17/31 MP: 6/6
  1129 | D:1      | Noticed an ogre
  1142 | D:1      | Killed an ogre
  1142 | D:1      | Reached skill level 4 in Unarmed Combat
  1142 | D:1      | Reached XP level 4. HP: 6/38 MP: 7/7
  1142 | D:1      | Reached XP level 5. HP: 6/44 MP: 9/9
  1717 | D:2      | Found a basalt altar of Yredelemnul.
  1890 | D:2      | Reached skill level 5 in Unarmed Combat
  2543 | D:2      | Slain by an adder

Action                   |  1- 3 |  4- 6 || total
-------------------------+-------+-------++-------
Melee: Unarmed           |    94 |    51 ||   145
       Trident           |       |    54 ||    54
 Cast: Beastly Appendage |     7 |    13 ||    20
 Abil: Spit Poison       |       |     1 ||     1
  Use: Potion            |     2 |       ||     2
       Scroll            |     1 |       ||     1
